 Dungeon Crawl Stone Soup version 0.20.1-1-g8b1a95d (webtiles) character file.

168 tmwrnj the Shield-Bearer (level 5, -3/46 HPs)
             Began as a Hill Orc Fighter on Oct 3, 2017.
             Was an Initiate of Beogh.
             Slain by an orc priest
             ... wielding a +0 flail
              (4 damage)
             ... on level 5 of the Dungeon.
             The game lasted 00:07:28 (2582 turns).

tmwrnj the Shield-Bearer (Hill Orc Fighter)         Turns: 2582, Time: 00:07:29

Health: -3/46      AC:  9    Str: 20    XL:     5   Next: 49%
Magic:  5/5        EV:  5    Int:  8    God:    Beogh [......]
Gold:   111        SH:  9    Dex: 10    Spells: 4/4 levels left

rFire    . . .     SeeInvis .   a - +0 flail
rCold    . . .     Gourm    .   c - +0 shield
rNeg     . . .     Faith    .   l - +0 chain mail
rPois    .         Spirit   .   (no helmet)
rElec    .         Reflect  .   (no cloak)
rCorr    .         Harm     .   (no gloves)
MR       .....                  (no boots)
Stlth    ..........             (no amulet)
Regen    0.2/turn               (no ring)
MPRegen  0.1/turn               (no ring)

@: no status effects
A: no striking features
a: Renounce Religion


You were on level 5 of the Dungeon.
You worshipped Beogh.
Beogh was noncommittal.
You were hungry.

You visited 1 branch of the dungeon, and saw 5 of its levels.

You collected 111 gold pieces.

Inventory:

Hand Weapons
 a - a +0 flail (weapon)
Armour
 c - a +0 shield (worn)
 l - a +0 chain mail (worn)
 v - a cursed +0 helmet
Jewellery
 g - an uncursed ring of ice {unknown}
 p - an uncursed ring of protection from cold {unknown}
Wands
 w - a wand of paralysis (19/24)
Scrolls
 e - a scroll of recharging
 h - 2 scrolls of amnesia
 m - a scroll of fog {unknown}
 q - a scroll of remove curse {unknown}
 r - a scroll of teleportation {unknown}
 s - 2 scrolls of identify {unknown}
Potions
 b - 3 potions of lignification {unknown}
 d - a potion of might
 i - a potion of agility {unknown}
 k - 2 potions of haste {unknown}
 n - 2 potions of heal wounds {unknown}
 o - a potion of berserk rage {unknown}
 t - a potion of curing {unknown}
 x - a potion of brilliance {unknown}
Comestibles
 f - 3 bread rations
 j - 3 fruits
 u - 2 royal jellies


   Skills:
 + Level 4.2 Fighting
 + Level 3.8 Maces & Flails
 + Level 4.2 Armour
 + Level 0.1 Stealth
 + Level 4.4 Shields


You had 4 spell levels left.
You didn't know any spells.

Dungeon Overview and Level Annotations

Branches:
Dungeon (5/15)
 Temple: D:4-7

Altars:

Annotations:
D:2 Sigmund
D:3 Robin; Totori's ghost, amateur MiHu
D:4 Edmund


Message History

Found a leather armour.
Found a stone staircase leading down.
You see here a steel tomahawk.
The orc throws a steel tomahawk.
You block the steel tomahawk.
Found a club and 14 gold pieces.
An orc comes into view. It is wielding a short sword.
You see here a steel tomahawk.
The orc shouts!
The orc priest invokes the aid of Beogh against you.
Beogh smites you!
* * * LOW HITPOINT WARNING * * *
The crimson imp blinks!
You hear a shout!
An orc comes into view. It is wielding a dagger.
The orc shouts!
Found a smoky amethyst potion.
A sky beast appears from thin air!
Reactivating autopickup.
The orc priest hits you with a flail.
You die...
Beogh appreciates the orc priest's killing of a heretic priest.

.##.........[..#
..#.........##.#######
#...........##.....[.###
..#.......####.........
#.........####.......#
#.##.####..(§Y.......#
#.##.# #.####..o....###
..##.. .........o.......
#########.####..@.o>)##
#...........o...
#######.#.#.###. #$... #
###!## .. ##


You could see a sky beast, an orc priest and 3 orcs.

Vanquished Creatures
  Terence (D:2)
  5 adders
  A howler monkey skeleton (D:5)
  2 worms (D:2)
  3 dart slugs
  2 leopard geckos
  An orc (D:3)
  2 giant cockroaches (D:3)
  6 goblins
  8 hobgoblins
  5 jackals
  6 bats
  6 frilled lizards
  3 kobolds
  7 rats
58 creatures vanquished.

Vanquished Creatures (others)
  An orc priest (D:5)
  An iguana (D:5)
  A worker ant (D:5)
  3 orcs (D:5)
6 creatures vanquished.

Grand Total: 64 creatures vanquished

Notes
Turn   | Place    | Note
-------+----------+-------------------------------------------
     0 | D:1      | tmwrnj the Hill Orc Fighter began the quest for the Orb.
     0 | D:1      | Reached XP level 1. HP: 19/19 MP: 1/1
   158 | D:1      | Reached XP level 2. HP: 26/27 MP: 2/2
   776 | D:2      | Noticed Sigmund
   814 | D:2      | Reached XP level 3. HP: 19/33 MP: 3/3
  1536 | D:2      | Reached XP level 4. HP: 38/40 MP: 4/4
  1539 | D:2      | Noticed Terence
  1549 | D:2      | Killed Terence
  1668 | D:3      | Noticed Totori's ghost (amateur MiHu)
  1967 | D:3      | Reached XP level 5. HP: 40/46 MP: 5/5
  2144 | D:4      | Noticed Robin
  2352 | D:4      | Noticed Edmund
  2375 | D:5      | Entered Level 5 of the Dungeon
  2381 | D:5      | Became a worshipper of Beogh the Brigand
  2495 | D:5      | Noticed a sky beast
  2580 | D:5      | HP: 1/46 [orc priest/divine providence (13)]
  2582 | D:5      | Slain by an orc priest

Skill      XL: |  1  2  3  4 |
---------------+-------------+-----
Fighting       | 4 |  4.2
Armour         | 4 |  4.2
Maces & Flails | 3 |  3.8
Shields        | 4 |  4.4
Stealth        | |  0.1

Action                   |  1- 3 |  4- 6 || total
-------------------------+-------+-------++-------
Melee: Flail             |   154 |   118 ||   272
Invok: Convert to Beogh  |       |     1 ||     1
  Use: Scroll            |       |     2 ||     2
  Eat: Chunk             |     2 |     3 ||     5
Armor: Scale mail        |    30 |       ||    30
       Chain mail        |    81 |    69 ||   150
Dodge: Dodged            |    45 |    21 ||    66
Block: Shield            |    85 |    69 ||   154
